 Dungeon Crawl Stone Soup version 0.17-a0-1322-g2a080e7 (webtiles) character file.

181 Quirk the Covered (level 5, 0/33 HPs)
             Began as a Gargoyle Fighter on June 9, 2015.
             Slain by an orc priest (4 damage)
             ... on level 3 of the Dungeon.
             The game lasted 00:06:39 (2016 turns).

Quirk the Covered (Gargoyle Fighter)                Turns: 2016, Time: 00:06:39

Health: 0/33       AC:  8    Str: 21    XL:     5   Next: 61%
Magic:  5/5        EV:  9    Int:  8    God:
Gold:   187        SH:  9    Dex:  9    Spells: 0 memorised, 4 levels left

rFire  . . .     SeeInvis .     j - -2 mace (curse)
rCold  . . .     Clarity  .     f - +0 leather armour
rNeg   + . .     SustAt   .     c - +0 shield
rPois  ∞         Gourm    .     (no helmet)
rElec  +         Spirit   .     (no cloak)
rCorr  .         Warding  .     o - +0 pair of gloves
rMut   .         Stasis   .     (no boots)
MR     .....                    (no amulet)
Stlth  ++........               (no ring)
                                (no ring)

@: not resistant to hostile enchantments, unstealthy
A: negative energy resistance 1, electricity resistance, unbreathing,
petrification resistance, rot immunity, AC +4
a: no special abilities


You were on level 3 of the Dungeon.
You were not hungry.

You visited 1 branch of the dungeon, and saw 3 of its levels.

You collected 187 gold pieces.

Inventory:

Hand weapons
 a - a +1 flail
 i - a +1 flail of crushing
 j - a cursed -2 mace (weapon)
Missiles
 l - 8 tomahawks of returning (quivered)
Armour
 b - a +0 scale mail
 c - a +0 shield (worn)
 f - a +0 leather armour (worn)
 o - a +0 pair of gloves (worn)
Scrolls
 h - 4 scrolls of identify
 k - a scroll of teleportation
 m - a scroll of fog
Potions
 d - a potion of might
 q - a potion of heal wounds {unknown}
 r - a potion of magic {unknown}
Comestibles
 e - 4 bread rations
 t - 3 meat rations
 u - a beef jerky


   Skills:
 + Level 4.0 Fighting
 + Level 2.7 Maces & Flails
 + Level 4.1 Armour
 + Level 1.7 Dodging
 + Level 2.3 Stealth
 + Level 3.8 Shields


You had 4 spell levels left.
You didn't know any spells.

Dungeon Overview and Level Annotations

Branches:
Dungeon (3/15)

Altars:
Kikubaaqudgha


Innate Abilities, Weirdness & Mutations

You are resistant to torment.
Your stone body is resilient (AC +4).
You are immune to poison.
You resist negative energy.
You are resistant to electric shocks.
You can survive without breathing.
You are immune to petrification.
You are immune to rotting.


Message History

The orc is severely wounded.
The orc misses you. The orc barely misses you. The orc hits you with a flail.
The orc hits you.
You hit the orc.
You kill the orc!
The orc hits you with a war axe.
* * * LOW HITPOINT WARNING * * *
The orc closely misses you. The orc misses you. The orc priest hits you.
* * * LOW HITPOINT WARNING * * *
You hit the orc priest.
The orc priest is moderately wounded.
You block the orc's attack. x2
The orc priest closely misses you.
You barely miss the orc priest.
The orc priest is moderately wounded.
The orc hits you with a war axe.
* * * LOW HITPOINT WARNING * * *
The orc completely misses you. The orc priest hits you.
You die...

......#.......
#........###......
#.................
#........>#....#..
#######.............#...
#.....................#.
.............<.....#####
...................####.
.......@o...............
#.....o#o...........###.
###...##.........##.##.>
#.... #.....#..........
#.... #........###.....
#.....##................
##............###♣♣♣.♣..
###.....[......♣ .P....
##.##....###.♣ ...♣#.


You could see an orc priest and 2 orcs.

Vanquished Creatures
  An orc priest (D:3)
  Ijyb (D:2)
  2 adders
  An ooze (D:1)
  4 worms
  9 orcs (D:3)
  11 bats
  5 giant cockroaches
  9 hobgoblins
  8 jackals
  10 kobolds
  6 giant newts
  7 goblins
  3 rats
77 creatures vanquished.

Vanquished Creatures (others)
  A goblin (D:3)
1 creature vanquished.

Grand Total: 78 creatures vanquished

Notes
Turn   | Place    | Note
--------------------------------------------------------------
     0 | D:1      | Quirk the Gargoyle Fighter began the quest for the Orb.
     0 | D:1      | Reached XP level 1. HP: 14/14 MP: 1/1
    80 | D:1      | Reached XP level 2. HP: 17/19 MP: 2/2
   295 | D:1      | Reached XP level 3. HP: 6/23 MP: 3/3
   351 | D:1      | Reached skill level 1 in Dodging
   461 | D:1      | Reached skill level 1 in Stealth
   817 | D:2      | Reached XP level 4. HP: 28/28 MP: 4/4
   980 | D:2      | Noticed Ijyb
   993 | D:2      | Killed Ijyb
  1321 | D:2      | Found an ancient bone altar of Kikubaaqudgha.
  1486 | D:2      | Reached XP level 5. HP: 33/33 MP: 5/5
  1532 | D:3      | Reached skill level 4 in Armour
  2016 | D:3      | Slain by an orc priest

Vault maps used:
D:1:      evilmike_arrival_run_for_it, st_stairs_14
D:2:      kiku_gazebo_garden_becter, first_bread, dk_noncrumbling_3,
          fountainhead, uniq_iyjb
D:3:      serial_forest, infiniplex_forest_clump_small,
          infiniplex_forest_straight_2, infiniplex_forest_clump_double,
          infiniplex_forest_lined_ring, infiniplex_forest_clump_long,
          infiniplex_forest_diagonal, minmay_statues_item

Action                   |  1- 3 |  4- 6 || total
-------------------------+-------+-------++-------
Melee: Flail             |   119 |   146 ||   265
       Mace              |       |    14 ||    14
  Use: Scroll            |       |     8 ||     8
       Potion            |       |     1 ||     1
 Stab: Sleeping          |       |     1 ||     1
  Eat: Chunk             |       |     4 ||     4
